 Dungeon Crawl Stone Soup version 0.22.0-18-ge075c0d (webtiles) character file.

2 Amnesiac the Magician (level 1, 0/13 HPs)
             Began as a Mummy Air Elementalist on Aug 18, 2018.
             Slain by a jackal (2 damage)
             ... on level 2 of the Dungeon.
             The game lasted 00:00:34 (157 turns).

Amnesiac the Magician (Mummy Air Elementalist)       Turns: 157, Time: 00:00:34

Health: 0/13       AC:  2    Str: 11    XL:     1   Next: 33%
Magic:  4/4        EV: 12    Int: 14    God:
Gold:   12         SH:  0    Dex: 12    Spells: 4/5 levels left

rFire    x . .     SeeInvis .   c - +0 hunting sling
rCold    + + .     Gourm    .   (no shield)
rNeg     + + +     Faith    .   a - +0 robe
rPois    ∞         Spirit   .   (no helmet)
rElec    .         Reflect  .   (no cloak)
rCorr    .         Harm     .   (no gloves)
MR       .....                  (no boots)
Stlth    ++........             (no amulet)
HPRegen  0.04/turn              b - ring of protection from cold
MPRegen  0.09/turn              (no ring)

@: no status effects
A: no food or potions, fire vulnerability, cold resistance 1, negative energy
resistance 3, torment resistance, unbreathing
a: no special abilities


You were on level 2 of the Dungeon.
You were not hungry.

You visited 1 branch of the dungeon, and saw 2 of its levels.

You collected 12 gold pieces.

Inventory:

Hand Weapons
 c - a +0 hunting sling (weapon)
Armour
 a - a +0 robe (worn)
Jewellery
 b - a ring of protection from cold (left hand)


   Skills:
 - Level 1.5 Dodging
 - Level 1.5 Stealth
 - Level 2.6 Spellcasting
 - Level 0.7 Conjurations
 + Level 2.6 Air Magic


You had 4 spell levels left.
You knew the following spells:

 Your Spells              Type           Power        Failure   Level  Hunger
a - Shock                 Conj/Air       #...         11%         1    N/A

Your spell library contained the following spells:

 Spells                   Type           Power        Failure   Level  Hunger
 Swiftness                Chrm/Air       #.......     21%         2    N/A
 Static Discharge         Conj/Air       #.......     32%         3    N/A
 Airstrike                Air            #.........   58%         4    N/A
 Lightning Bolt           Conj/Air       #.........   97%         5    N/A

Dungeon Overview and Level Annotations

Branches:
Dungeon (2/15)

Altars:


Innate Abilities, Weirdness & Mutations

You do not eat or drink.
Your flesh is vulnerable to fire.
You are immune to poison.
Your flesh is cold resistant. (rC+)
You are immune to negative energy. (rN+++)
You are immune to unholy pain and torment.
You can survive without breathing.


Message History

Magic restored.
You start resting.
Magic restored.
You start resting.
HP restored.
Search for what [? for help]? sto Can't find anything matching that.
You climb downwards.
Found a scythe, a ration and 12 gold pieces.
Found two stone staircases leading up.
There is a stone staircase leading up here.
You now have 12 gold pieces.
There is a stone staircase leading up here.
You climb upwards.
The jackal barks! 3 jackals come into view.
The jackal barks! x2
The jackal closely misses you. The jackal barely misses you.
Found a smoky inky potion.
There is a stone staircase leading down here.
The jackal misses you. The jackal barely misses you. The jackal bites you.
You climb downwards.
There is a stone staircase leading up here.
The jackal closely misses you. x2
The jackal bites you but does no damage.
The jackal bites you.
* * * LOW HITPOINT WARNING * * *
The jackal barely misses you. The jackal closely misses you.
The jackal closely misses you.
A hobgoblin comes into view. It is wielding a club.
The jackal bites you.
* * * LOW HITPOINT WARNING * * *
Found a gold piece.
A kobold comes into view.
The kobold shouts!
The kobold throws a stone.
The stone misses you.
Found 16 stones.
You see here a stone.
Casting: Shock (safe; 11% risk of failure)
Confirm with . or Enter, or press ? or * to list all spells.
Aiming: Shock (safe; 11% risk of failure)
Press: ? - help, Shift-Dir - straight line, f - jackal
Aim: a jackal
Okay, then.
The kobold throws a stone.
The stone hits you but does no damage.
You see here a stone.
The hobgoblin shouts!
The jackal completely misses you. The hobgoblin closely misses you.
The kobold closely misses you.
Found a stone staircase leading down.
You see here a gold piece.
The kobold throws a stone.
The stone hits you but does no damage. The jackal bites you.
* * * LOW HITPOINT WARNING * * *
You see here a stone.
The jackal misses you.
The kobold throws a stone.
The stone hits you.
* * * LOW HITPOINT WARNING * * *
You see here a stone.
The jackal bites you but does no damage.
There is a stone staircase leading down here.
The jackal bites you.
You die...

#############.......#
#######$....##
#.....(...###.
#.........#...
#.......(.....
##...(.....#...
#.....hhK......#
#.....hg.....#.#
#......@...###..
#............#
#....######### #####


You could see 3 jackals, a hobgoblin and a kobold.

Vanquished Creatures
  A dart slug (D:1)
1 creature vanquished.

Notes
Turn   | Place    | Note
-------+----------+-------------------------------------------
     0 | D:1      | Amnesiac the Mummy Air Elementalist began the quest for the Orb.
     0 | D:1      | Reached XP level 1. HP: 13/13 MP: 4/4
   157 | D:2      | Slain by a jackal

Action                   || total
-------------------------++-------
 Cast: Shock             ||     2
Armor: Robe              ||     2
Dodge: Dodged            ||    14
